 Dungeon Crawl Stone Soup version 0.18-b1-10-g3f7de93 (webtiles) character file.

5718 Ijustatesigmund the Grappler (level 10, -6/102 HPs)
             Began as a Troll Hunter on Apr 29, 2016.
             Was a High Priest of Okawaru.
             Mangled by an orc warrior
             ... wielding a +0 halberd
              (12 damage)
             ... in a bailey.
             The game lasted 00:33:21 (6811 turns).

Ijustatesigmund the Grappler (Troll Hunter)         Turns: 6811, Time: 00:33:23

Health: -6/102     AC:  9    Str: 22    XL:     10   Next: 48%
Magic:  8/11       EV: 11    Int:  7    God:    Okawaru [*****.]
Gold:   456        SH:  0    Dex: 13    Spells: 2 memorised, 7 levels left

rFire  + . .     SeeInvis .       - Unarmed
rCold  + . .     Gourm    +     A - +1 robe {rN+}
rNeg   + . .     Faith    .     (no shield)
rPois  .         Spirit   .     (helmet restricted)
rElec  .         Dismiss  .     k - +2 cloak
rCorr  .         Reflect  .     (gloves unavailable)
SustAt .         Harm     .     (boots unavailable)
MR     .....                    (no amulet)
Stlth  +.........               o - ring of protection from cold
                                u - ring of protection from fire

@: lethally poisoned (-6 -> -6), not resistant to hostile enchantments, very
unstealthy
A: unfitting armour, claws 3, fast metabolism 3, gourmand, regeneration 2,
shaggy fur 1, tough skin 2
a: Heroism, Finesse, Renounce Religion


You were in a bailey.
You worshipped Okawaru.
Okawaru was extremely pleased with you.
You were completely stuffed.

You visited 1 branch of the dungeon, and saw 8 of its levels.
You also visited: Bailey.

You collected 456 gold pieces.

Inventory:

Missiles
 c - 7 large rocks (quivered)
 d - 2 throwing nets
 E - 6 tomahawks of dispersal
Armour
 k - a +2 cloak (worn)
 A - a +1 robe of positive energy (worn)
 H - a +1 robe of the Archmagi
Rods
 C - a +1 rod of shadows (13/13)
   (You found it on level 6 of the Dungeon)
Jewellery
 h - an uncursed amulet of faith
 o - a ring of protection from cold (right claw)
 r - an uncursed ring of see invisible
 u - a ring of protection from fire (left claw)
 I - an uncursed ring of protection from cold
 J - an uncursed ring of resist corrosion
Wands
 i - a wand of digging (11/24)
 D - a wand of lightning (10/15)
 G - a wand of flame (30/48)
Scrolls
 b - a scroll of fear
 p - a scroll of remove curse
 s - a scroll of teleportation
 B - 2 scrolls of immolation
 K - a scroll of enchant weapon
 L - a scroll of enchant armour
Potions
 e - 3 potions of ambrosia
 g - a potion of mutation {unknown}
 j - a potion of lignification {unknown}
 n - a potion of flight {unknown}
 q - a potion of brilliance {unknown}
 t - a potion of magic {unknown}
 w - 4 potions of berserk rage {unknown}
Books
 x - a book of Burglary

   Spells                             Type                      Level
   a - Swiftness                      Charms/Air                   2
   b - Passwall                       Transmutation/Earth          2
   c - Passage of Golubria            Translocation                4
   d - Lee's Rapid Deconstruction     Earth                        5
   e - Darkness                       Hexes                        6
   f - Invisibility                   Hexes                        6
 y - a Grand Grimoire

   Spells                             Type                      Level
   a - Monstrous Menagerie            Summoning                    7
   b - Summon Greater Demon           Summoning                    7
   c - Malign Gateway                 Summoning/Translocation      7
   d - Summon Horrible Things         Summoning                    8
 z - a book of Party Tricks

   Spells                             Type                      Level
   a - Summon Butterflies             Summoning                    1
   b - Apportation                    Translocation                1
   c - Tukima's Dance                 Hexes                        3
   d - Alistair's Intoxication        Transmutation/Poison         5
   e - Invisibility                   Hexes                        6
Comestibles
 a - 2 beef jerkies
 f - 6 bread rations
 l - 2 royal jellies
 m - 3 meat rations
 v - 3 fruits
 F - a slice of pizza
 M - a chunk of flesh


   Skills:
 - Level 7.3 Fighting
 - Level 6.0 Throwing
 - Level 3.3 Dodging
 - Level 0.4 Stealth
 - Level 10.6 Unarmed Combat
 + Level 3.9 Invocations


You had 7 spell levels left.
You knew the following spells:

 Your Spells              Type           Power        Failure   Level  Hunger
a - Apportation           Tloc           #.........   47%         1    ##.....
b - Summon Butterflies    Summ           #.......     47%         1    ##.....


Dungeon Overview and Level Annotations

Branches:
Dungeon (8/15)             Temple (0/1) D:7
   Lair: D:8-11

Altars:
Ashenzari
Cheibriados
Dithmenos
Fedhas
Kikubaaqudgha
Okawaru
Pakellas
Qazlal
Trog
Yredelemnul
Zin
The Shining One

Annotations:
D:6 graki42's ghost, novice DEFE


Innate Abilities, Weirdness & Mutations

You are too large for most types of armour.
You have claws for hands.
Your metabolism is lightning-fast.
You like to eat raw meat.
You heal very quickly.
You are covered in fur (AC +1).
You have very tough skin (AC +2).


Message History

The orc is almost dead.
You feel sick. The orc closely misses you.
You scratch the orc but do no damage.
The orc is almost dead.
You feel like a meek peon again.
The orc warrior hits you from afar with a halberd!!
You closely miss the orc. Your claw misses the orc.
The orc is almost dead.
You feel sick. The orc hits you but does no damage.
The orc warrior barely misses you.
You claw the orc!
You kill the orc!
Okawaru accepts your kill.
You feel sick.
The orc warrior hits you from afar with a spear!
* * * LOW HITPOINT WARNING * * *
The orc warrior hits you from afar with a halberd!!
* * * LOW HITPOINT WARNING * * *
The orc warrior hits you with a halberd!
You die...

##.........## ##..≈≈≈≈≈≈≈..##
##..≈≈.....≈≈..##
######..≈≈..###..≈≈..##########
.......≈≈..## ##..≈≈..........#
≈≈≈≈≈≈≈≈..##.∩.##..≈≈≈≈≈≈≈≈≈≈.#
.........##...o.##..........≈.#
#############'###)#########.≈.#
## ......o@.# ##.≈.# .##
.§≈≈§§≈≈..# ##..≈.# ..##
≈≈...oo≈≈..## ##..≈≈.# ≈..#
≈..⌠⌠⌠..§§..#'#..≈≈.∩# ≈..#
≈...⌠§.§§≈§.#'#..≈≈.## ..##
≈≈...§.≈§§.'#.##).≈≈.# .##
.≈≈≈≈§§§..##...##..≈.# ##.$$$.#
....... . #.....##.≈.# ########
##########.≈.#


You could see 3 orc warriors.

Vanquished Creatures
  The ghost of RudyRod the Magician, a novice DsIE of Sif Muna (Bailey)
  Pikel (D:6)
  An orc knight (Bailey)
  Joseph (D:8)
  Sigmund (D:4)
  Eustachio (D:4)
  A wyvern (D:8)
  2 hippogriffs (D:8)
  A sky beast (D:6)
  3 black bears
  5 ice beasts
  2 orc warriors
  2 centaurs
  A big kobold (D:8)
  7 giant frogs
  4 scorpions
  4 electric eels (D:6)
  A crimson imp (D:7)
  2 giant frog skeletons (D:5)
  6 hounds
  2 centaur skeletons
  A jelly (D:7)
  An orc priest (D:6)
  17 orc wizards
  4 iguanas
  2 worker ants
  2 killer bee zombies
  A hound zombie (D:8)
  Robin (D:3)
  3 gnolls (D:5)
  A howler monkey skeleton (D:4)
  7 adders
  2 oozes
  2 worms
  2 dart slugs (D:1)
  3 giant geckos
  28 orcs
  A ball python (D:1)
  3 giant cockroaches
  38 goblins
  21 hobgoblins
  11 jackals
  A quokka (D:6)
  15 bats
  A giant gecko skeleton (D:4)
  5 giant newts
  16 kobolds
  4 rats
242 creatures vanquished.

Vanquished Creatures (others)
  3 slaves (D:7)
  A big kobold (D:7)
  3 kobolds (D:7)
7 creatures vanquished.

Grand Total: 249 creatures vanquished

Notes
Turn   | Place    | Note
--------------------------------------------------------------
     0 | D:1      | Ijustatesigmund the Troll Hunter began the quest for the Orb.
     0 | D:1      | Reached XP level 1. HP: 19/19 MP: 0/0
   119 | D:1      | Reached skill level 1 in Unarmed Combat
   168 | D:1      | Reached XP level 2. HP: 21/28 MP: 1/1
   370 | D:1      | Reached skill level 2 in Unarmed Combat
   671 | D:1      | Reached XP level 3. HP: 35/35 MP: 2/2
   983 | D:2      | Reached skill level 3 in Unarmed Combat
  1117 | D:2      | Found an oddly glowing altar of Pakellas.
  1228 | D:2      | Found a basalt altar of Yredelemnul.
  1232 | D:2      | Reached XP level 4. HP: 39/42 MP: 3/3
  1245 | D:2      | Found a glowing golden altar of the Shining One.
  1247 | D:2      | Noticed an angel
  1450 | D:3      | Noticed Robin
  1483 | D:3      | Killed Robin
  1949 | D:3      | Found an iron altar of Okawaru.
  1955 | D:3      | Became a worshipper of Warmaster Okawaru
  2070 | D:3      | Reached XP level 5. HP: 47/50 MP: 4/4
  2094 | D:3      | Found an oddly glowing altar of Pakellas.
  2135 | D:3      | Reached skill level 4 in Unarmed Combat
  2328 | D:4      | Found a bloodstained altar of Trog.
  2499 | D:4      | Noticed Sigmund
  2524 | D:4      | Killed Sigmund
  2524 | D:4      | Reached skill level 5 in Unarmed Combat
  2524 | D:4      | Reached XP level 6. HP: 29/61 MP: 5/5
  2712 | D:4      | Reached * piety under Okawaru
  3194 | D:4      | Noticed Eustachio
  3211 | D:4      | Killed Eustachio
  3211 | D:4      | Reached skill level 6 in Unarmed Combat
  3211 | D:4      | Reached XP level 7. HP: 68/68 MP: 6/6
  3381 | D:5      | Entered Level 5 of the Dungeon
  3789 | D:5      | Reached ** piety under Okawaru
  3998 | D:5      | Reached skill level 7 in Unarmed Combat
  4126 | D:5      | Reached XP level 8. HP: 61/79 MP: 7/7
  4145 | D:5      | Learned a level 1 spell: Apportation
  4147 | D:5      | Learned a level 1 spell: Summon Butterflies
  4150 | D:5      | Found a snail-covered altar of Cheibriados.
  4425 | D:6      | Found a shattered altar of Ashenzari.
  4468 | D:6      | Reached skill level 8 in Unarmed Combat
  4475 | D:6      | Reached *** piety under Okawaru
  4500 | D:6      | Found a shadowy altar of Dithmenos.
  4505 | D:6      | Received a gift from Okawaru
  4505 | D:6      | Reached skill level 5 in Fighting
  4651 | D:6      | Identified a +1 rod of shadows (13/13) (You found it on level 6 of the Dungeon)
  4683 | D:6      | Found a blossoming altar of Fedhas.
  4823 | D:6      | Reached XP level 9. HP: 30/88 MP: 8/8
  4964 | D:6      | HP: 1/88 [electric eel/bolt of electricity (10)]
  4965 | D:6      | Noticed graki42's ghost (novice DEFE)
  5242 | D:7      | Found a stormy altar of Qazlal.
  5280 | D:7      | Noticed Pikel
  5289 | D:6      | Killed Pikel
  5289 | D:6      | Received a gift from Okawaru
  5289 | D:6      | Reached skill level 9 in Unarmed Combat
  5413 | D:6      | Reached skill level 5 in Throwing
  5668 | D:7      | Found a staircase to the Ecumenical Temple.
  5740 | D:7      | Reached **** piety under Okawaru
  5746 | D:7      | Found a glowing silver altar of Zin.
  6166 | D:8      | Reached skill level 10 in Unarmed Combat
  6178 | D:8      | Found an ancient bone altar of Kikubaaqudgha.
  6246 | D:8      | Received a gift from Okawaru
  6246 | D:8      | Reached XP level 10. HP: 90/100 MP: 9/9
  6415 | D:8      | Noticed Joseph
  6434 | D:8      | Killed Joseph
  6434 | D:8      | Received a gift from Okawaru
  6501 | D:8      | Found a flagged portal.
  6514 | Bailey   | Entered a bailey
  6585 | Bailey   | Noticed an orc knight
  6735 | Bailey   | Noticed RudyRod's ghost (novice DsIE)
  6800 | Bailey   | Killed RudyRod's ghost
  6804 | Bailey   | Killed an orc knight
  6804 | Bailey   | Reached ***** piety under Okawaru
  6811 | Bailey   | Mangled by an orc warrior

Skill      XL: |  1  2  3  4  5  6  7  8  9 10 |
---------------+-------------------------------+-----
Unarmed Combat | 1 2 3 5 6 7 8 10 | 10.6
Fighting       | 2 3 4 5 6 7 |  7.3
Dodging        | 2 3 |  3.3
Throwing       | 4 6 |  6.0
Invocations    | 3 |  3.9
Stealth        | |  0.4

Action                   |  1- 3 |  4- 6 |  7- 9 | 10-12 || total
-------------------------+-------+-------+-------+-------++-------
Melee: Unarmed           |   141 |   186 |   315 |    85 ||   727
       Punch             |       |     2 |    11 |     4 ||    17
Throw: Large rock        |       |     7 |     6 |     6 ||    19
       Throwing net      |       |     1 |       |       ||     1
Invok: Heroism           |       |       |     2 |     2 ||     4
Evoke: Wand              |       |     1 |       |       ||     1
       Rod               |       |       |     1 |       ||     1
  Use: Scroll            |     6 |     5 |     7 |     1 ||    19
       Potion            |       |     2 |     1 |       ||     3
 Stab: Sleeping          |     2 |       |     5 |       ||     7
       Held in net/web   |       |     1 |       |       ||     1
  Eat: Chunk             |    15 |    17 |    32 |     5 ||    69
Armor: Robe              |    64 |   118 |   126 |    41 ||   349
Dodge: Dodged            |    76 |   139 |   152 |    64 ||   431
